 Dungeon Crawl Stone Soup version 0.20.0-10-g0535bb4 (webtiles) character file.

247436 Lavandula the Phalangite (level 19, -32/147 HPs)
             Began as a Merfolk Monk on June 6, 2017.
             Was an Initiate of Gozag.
             Killed from afar by an ice dragon (45 damage)
             ... with a blast of cold
             ... on level 2 of the Vaults on June 7, 2017.
             The game lasted 02:53:16 (46360 turns).

Lavandula the Phalangite (Merfolk Monk)            Turns: 46360, Time: 02:53:17

Health: -32/147    AC: 16    Str: 17    XL:     19   Next: 99%
Magic:  34/35      EV: 31    Int:  9    God:    Gozag
Gold:   1577       SH:  4    Dex: 25    Spells: 2/42 levels left

rFire    + + +     SeeInvis +   u - +7 bardiche (drain)
rCold    . . .     Gourm    .   (shield currently unavailable)
rNeg     + + .     Faith    .   j - +4 leather armour "Donavvotz" {+Blink rF+ rC+}
rPois    .         Spirit   .   (helmet restricted)
rElec    .         Reflect  .   l - +2 cloak
rCorr    +         Harm     .   f - +2 pair of gloves {Str+3}
MR       ++...                  O - +2 pair of boots of Objectivity {*Contam rN++ rCorr Dex+4}
Stlth    ++++......             J - amulet of the Battered Ghosts {RegenMP +Blink rF+++ Int-3 SInv}
Regen    0.4/turn               D - +6 ring of slaying
MPRegen  0.4/turn               e - ring of protection from magic

@: horrified, very slightly contaminated
A: change form in water, swift swim, stealthy swim, antennae 1, repulsion field
1, large bone plates 1, strong 1, cowardly, inability to train armour, unskilled
1, temperature sensitive
}: 1/15 runes: gossamer
a: Potion Petition, Call Merchant, Bribe Branch, Renounce Religion, Evoke Blink


You were on level 2 of the Vaults.
You worshipped Gozag.
Gozag was most pleased with you.
You were not hungry.

You visited 8 branches of the dungeon, and saw 36 of its levels.
You visited the Abyss 1 time.
You also visited: Labyrinth and Sewer.

You collected 9224 gold pieces.
You spent 2497 gold pieces at shops.
You paid 5150 gold pieces to Gozag.

Inventory:

Hand Weapons
 u - a +7 bardiche of draining (weapon)
 B - the +5 trident "Exonu" {freeze, rPois rF+ Str-2 Int+4}
   (You found it on level 7 of the Dungeon)

   It has been specially enchanted to freeze those struck by it, causing extra
   injury to most foes and up to half again as much damage against particularly
   susceptible opponents.
   It can also slow down cold-blooded creatures.
   It affects your strength (-2).
   It affects your intelligence (+4).
   It protects you from fire.
   It protects you from poison.
 G - a +2 bardiche of electrocution
Missiles
 i - 15 tomahawks (quivered)
 n - 7 throwing nets
Armour
 f - a +2 pair of gloves of strength (worn)
 j - the +4 leather armour "Donavvotz" (worn) {+Blink rF+ rC+}
   (You bought it in a shop on level 11 of the Dungeon)

   It protects you from fire.
   It protects you from cold.
   It lets you blink.
 l - a +2 cloak (worn)
 O - the +2 pair of boots of Objectivity (worn) {*Contam rN++ rCorr Dex+4}
   (You acquired it on level 2 of the Spider Nest)

   It affects your dexterity (+4).
   It greatly protects you from negative energy.
   It causes magical contamination when unequipped.
   It protects you from acid and corrosion.
Jewellery
 e - a ring of protection from magic (right hand)
 v - an uncursed ring of resist corrosion
 D - a +6 ring of slaying (left hand)
 J - the amulet of the Battered Ghosts (around neck) {RegenMP +Blink rF+++ Int-3 SInv}
   (You took it off an orc on level 5 of the Dungeon)

   [amulet of magic regeneration]

   It increases your magic regeneration.
   It affects your intelligence (-3).
   It renders you almost immune to fire.
   It lets you see invisible.
   It lets you blink.
 L - an uncursed ring of protection from cold
 V - an uncursed ring of see invisible
Wands
 q - a wand of acid (6/15)
 H - a wand of paralysis (9/24)
 I - a wand of digging (12/24)
 K - a wand of scattershot (4/9)
 Y - a wand of clouds (3/9)
Scrolls
 d - 11 scrolls of remove curse
 o - 5 scrolls of magic mapping
 p - 7 scrolls of blinking
 r - a scroll of holy word
 x - 7 scrolls of teleportation
 C - 4 scrolls of immolation
 W - 7 scrolls of fog
 Z - a scroll of summoning
Potions
 a - 3 potions of resistance
 b - 6 potions of might
 g - 13 potions of curing
 h - 5 potions of haste
 m - a potion of brilliance
 s - a potion of ambrosia
 t - 5 potions of berserk rage
 w - 5 potions of magic
 z - 8 potions of heal wounds
 E - a potion of cancellation
 F - 3 potions of agility
Miscellaneous
 y - a lamp of fire
 A - a lightning rod (4/4)
 U - a phial of floods
Comestibles
 c - 2 bread rations
 k - 12 meat rations


   Skills:
 - Level 12.3 Fighting
 - Level 22.8 Polearms
 - Level 17.0 Dodging
 - Level 6.0 Stealth
   Level 6.7 Shields
 - Level 12.3 Spellcasting
 - Level 4.1 Hexes
 - Level 6.3 Charms
 - Level 4.9 Summonings
 - Level 4.6 Necromancy
 - Level 5.3 Translocations
 + Level 5.0 Air Magic
 - Level 7.3 Evocations


You had 2 spell levels left.
You knew the following spells:

 Your Spells              Type           Power        Failure   Level  Hunger
a - Song of Slaying       Chrm           ##......     1%          2    None
b - Regeneration          Chrm/Necr      ##........   4%          3    ##.....
c - Spectral Weapon       Hex/Chrm       ##......     4%          3    ##.....
d - Shroud of Golubria    Chrm/Tloc      ##........   1%          2    None
e - Vampiric Draining     Necr           ##........   6%          3    ##.....
f - Control Undead        Necr           ##........   22%         4    ####...
g - Ozocubu's Armour      Chrm/Ice       #.......     12%         3    ##.....
h - Summon Lightning Spi  Summ/Air       ##......     19%         4    ####...
i - Apportation           Tloc           ##....       1%          1    None
j - Swiftness             Chrm/Air       ##......     1%          2    None
k - Corpse Rot            Necr           N/A          3%          2    None
l - Irradiate             Conj/Tmut      #.........   98%         5    #####..
m - Deflect Missiles      Chrm/Air       ##........   90%         6    #######


Dungeon Overview and Level Annotations

Branches:
Dungeon (15/15)            Temple (1/1) D:6            Lair (6/6) D:8
  Swamp (4/4) Lair:3       Spider (4/4) Lair:3        Slime (0/5) Lair:5
    Orc (2/2) D:11            Elf (2/3) Orc:2        Vaults (2/5) D:13
 Depths (0/5) D:15
  Crypt: Vaults:2-3

Altars:
Ashenzari
Cheibriados
Dithmenos
Elyvilon
Fedhas
Gozag
Hepliaklqana
Kikubaaqudgha
Makhleb
Nemelex Xobeh
Okawaru
Qazlal
Ru
Sif Muna
Trog
Uskayaw
Vehumet
Xom
Yredelemnul
Zin
The Shining One
Beogh
Jiyva

Shops:
D:4 [   D:10 }   D:11 [   D:13 (   Orc:2 ((*(=   Elf:1 %   Lair:1 [*(
Vaults:1 %   Vaults:2 !

Annotations:
D:3 boben's ghost, amateur HOMo
D:4 Mandevil's ghost, amateur GrWn
D:10 Sonja
D:15 exclusion: fire giant
Swamp:4 Donald


Innate Abilities, Weirdness & Mutations

You revert to your normal form in water.
You are very nimble and swift while swimming.
You are very stealthy in the water. (Stealth+)
Your cowardice makes you less effective in combat with threatening monsters.
You cannot train Armour skill.
You are somewhat unskilled. (-1 Apt)
You are sensitive to extremes of temperature. (rF-, rC-)
You have a pair of small antennae on your head.
You are surrounded by a mild repulsion field. (EV +2)
You are partially covered in large bone plates. (SH +4)
Your muscles are strong. (Str +2)


Message History

You feel a twist of horror at the sight of this foe.
Unknown command.
You blink.
You feel slightly more hungry.
The yaktaur shouts!
A bolt appears from out of your range of vision.
The bolt closely misses your spectral weapon.
The yaktaur captain shoots a bolt.
The bolt closely misses you.
The yaktaur shoots a bolt.
The bolt hits you!
* * * LOW HITPOINT WARNING * * *
The stone giant throws a large rock.
The large rock hits you!!
* * * LOW HITPOINT WARNING * * *
You feel a twist of horror at the sight of this foe.
Blink to where?
Press: ? - help, Dir - move target cursor You are very lightly contaminated with residual magic.
As you read the scroll of blinking, it crumbles to dust.
The ice dragon breathes frost at you. The blast of cold hits you!
You die...
Your body crumbles into a pile of gold.

.....................#
.[..........D.§.§§..§#
..............(§c§...#
.............(.§§§(..#
.....##########D§§(.#
..... #..§..# .....
#.....# #.....#
#@.?..# #.....#
#.....# #.....#
#.....# ###...# ...#
...#


You could see an ice dragon and a friendly spectral bardiche of draining.

Vanquished Creatures
  Nikola (Elf:2)
  Arachne (Spider:3)
  A tentacled monstrosity (Vaults:2)
  A sphinx (Vaults:1)
  A thorn hunter (Swamp:3)
  Kirke (D:12)
  4 ghost moths
  5 emperor scorpions
  A deep elf sorcerer (Elf:2)
  Aizul (Elf:1)
  5 ironheart preservers (Vaults:1)
  A stone giant (Vaults:2)
  7 entropy weavers
  A deep elf annihilator (Vaults:1)
  Nessos (Lair:5)
  An ettin (Orc:2)
  Snorg (D:11)
  A deep elf death mage (Vaults:1)
  Josephine (Lair:4)
  4 ogre magi
  A fire dragon (Vaults:1)
  Erolcha (D:11)
  A yaktaur captain (Vaults:2)
  4 rakshasas
  A ghost crab (Swamp:2)
  Harold (Lair:1)
  3 vault guards (D:13)
  13 hydras
  Fannar (D:10)
  An anaconda (Spider:4)
  3 catoblepae (Lair:6)
  Erica (D:11)
  10 two-headed ogres
  6 centaur warriors
  7 death yaks
  2 death knights
  7 alligators
  An orc high priest (Elf:1)
  4 dancing weapons (Elf:2)
  8 deep elf knights
  A wretched star (Abyss:3)
  A spriggan druid (Swamp:3)
  4 unseen horrors
  A swamp dragon (Swamp:2)
  3 deep elf archers
  A glowing orange brain (Vaults:2)
  4 shambling mangroves
  2 wizards (Vaults:1)
  8 ironbrand convokers
  Pikel (D:7)
  An orc sorcerer (D:13)
  38 wolf spiders
  27 orb spiders
  4 orc knights
  50 deep elf magi
  12 ugly things
  2 oklob plants (Spider:1)
  A moth of wrath (Spider:4)
  2 cyclopes (Vaults:1)
  4 manticores
  A black mamba (Lair:6)
  23 elephants
  6 vault sentinels
  4 gargoyles
  Joseph (D:7)
  5 komodo dragons
  13 spiny frogs
  An efreet (D:13)
  13 demonic crawlers
  6 freezing wraiths
  7 yaktaurs
  A tengu conjurer (D:13)
  9 rime drakes
  4 tyrant leeches (Swamp:2)
  44 jumping spiders
  5 trolls
  3 meliai (D:14)
  26 hornets
  11 blink frogs
  15 hippogriffs
  6 bog bodies
  A meliai zombie (D:14)
  A blink frog (shapeshifter) (D:15)
  24 slime creatures
  A human simulacrum (Vaults:1)
  62 redbacks
  10 spriggans
  An air elemental (Elf:1)
  3 shadows
  31 tarantellas
  A wyvern (D:8)
  41 yaks
  7 wraiths
  5 hogs (D:12)
  A steam dragon (D:13)
  5 basilisks
  A human (D:13)
  Grum (D:10)
  7 hungry ghosts
  14 insubstantial wisps
  6 vampire mosquitoes
  Edmund (D:7)
  3 wargs
  10 swamp worms
  8 water moccasins
  A two-headed ogre zombie (D:11)
  2 soldier ants
  An acid dragon (Vaults:1)
  5 porcupines
  3 sky beasts
  32 orc warriors
  3 swamp drakes
  3 ice beasts
  A slave (D:7)
  An eye of draining (Lair:2)
  5 phantoms
  A necrophage (D:11)
  14 ogres
  10 boggarts
  6 wolves
  20 crocodiles
  23 centaurs
  A big kobold (Sewer)
  A gnoll sergeant (D:5)
  13 bullfrogs
  An earth elemental (Elf:1)
  2 wyvern skeletons
  2 scorpions
  A water moccasin skeleton (D:11)
  12 killer bees
  A troll zombie (D:11)
  4 wights (D:7)
  3 electric eels
  A howler monkey (D:4)
  8 crimson imps
  A quasit (D:4)
  3 centaur zombies
  A bullfrog skeleton (D:12)
  2 bullfrog zombies
  8 hounds
  6 jellies
  5 centaur skeletons
  19 orc priests
  21 orc wizards
  3 iguanas
  11 worker ants
  6 ogre zombies (D:11)
  2 hound zombies
  2 worker ant zombies
  12 gnolls
  A river rat (Sewer)
  16 adders
  3 shadow imps
  A white imp (Spider:4)
  An adder skeleton (D:8)
  6 worms
  2 dart slugs (D:1)
  6 leopard geckos
  79 orcs
  4 giant cockroaches
  3 goblins
  6 hobgoblins
  7 jackals
  9 quokkas
  2 ball pythons
  6 bats
  6 frilled lizards
  2 goblin skeletons (D:11)
  A goblin zombie (D:11)
  A hobgoblin skeleton (D:11)
  2 hobgoblin zombies (D:11)
  8 kobolds
  2 leopard gecko skeletons (D:4)
  3 orc skeletons (D:11)
  13 orc zombies (D:11)
  A quokka zombie (D:6)
  8 rats
  3 fungi (Lair:5)
1217 creatures vanquished.

Vanquished Creatures (collateral kills)
  A death yak (Lair:6)
  2 hornets (Swamp:2)
  2 spriggans (Swamp:2)
  A yak (Lair:6)
  A swamp drake (Swamp:3)
  3 orc zombies (D:11)
10 creatures vanquished.

Vanquished Creatures (others)
  21 dancing weapons
  A two-headed ogre (D:8)
  An elephant (Lair:5)
  A hornet (Swamp:3)
  A bog body (Swamp:3)
  A redback (Spider:4)
  A spriggan (Swamp:3)
  A slave (D:6)
  A quasit (D:6)
  A shadow imp (D:6)
  2 orcs (D:6)
  4 fungi
  12 plants
  65 spectral weapons
113 creatures vanquished.

Grand Total: 1340 creatures vanquished

Notes
Turn   | Place    | Note
-------+----------+-------------------------------------------
     0 | D:1      | Lavandula the Merfolk Monk began the quest for the Orb.
     0 | D:1      | Reached XP level 1. HP: 18/18 MP: 1/1
    74 | D:1      | Reached skill level 5 in Polearms
   243 | D:1      | Reached XP level 2. HP: 20/24 MP: 2/2
  1078 | D:2      | Reached skill level 6 in Polearms
  1078 | D:2      | Reached XP level 3. HP: 29/29 MP: 3/3
  1753 | D:3      | Reached XP level 4. HP: 29/35 MP: 4/4
  1755 | D:3      | Reached skill level 7 in Polearms
  2489 | D:3      | Reached skill level 5 in Dodging
  2544 | D:3      | Found a burning altar of Makhleb.
  2596 | D:3      | Noticed boben's ghost (amateur HOMo)
  2760 | D:4      | Reached XP level 5. HP: 20/41 MP: 5/5
  2945 | D:4      | Noticed an ogre
  4228 | D:4      | Noticed Mandevil's ghost (amateur GrWn)
  4252 | D:4      | Found Qasi's Armour Shoppe.
  4257 | D:4      | Bought a +0 buckler for 45 gold pieces
  4425 | D:4      | Noticed an ogre
  4773 | D:4      | Reached skill level 1 in Shields
  4773 | D:4      | Reached XP level 6. HP: 40/47 MP: 6/6
  4815 | D:5      | Entered Level 5 of the Dungeon
  4831 | D:5      | Noticed a hungry ghost
  4877 | D:5      | Killed a hungry ghost
  5008 | D:5      | Found a glowing drain.
  5018 | D:5      | Reached XP level 7. HP: 52/52 MP: 7/7
  5024 | Sewer    | Entered a sewer
  5182 | Sewer    | Found a white marble altar of Elyvilon.
  5359 | D:5      | You fall through a shaft for 3 floors!
  5502 | D:6      | Noticed Edmund
  5548 | D:7      | Got a blackened trident
  5549 | D:7      | Identified the +5 trident "Exonu" {freeze, rPois rF+ Str-2 Int+4} (You found it on level 7 of the Dungeon)
  5576 | D:6      | Reached skill level 8 in Polearms
  5586 | D:6      | Noticed a cyan ugly thing
  5624 | D:7      | Reached skill level 9 in Polearms
  5753 | D:7      | Reached XP level 8. HP: 58/58 MP: 8/8
  5780 | D:7      | Reached skill level 10 in Polearms
  5823 | D:7      | Noticed Joseph
  5855 | D:7      | Killed Joseph
  5855 | D:7      | Reached skill level 11 in Polearms
  5987 | D:7      | Reached skill level 12 in Polearms
  6401 | D:7      | Reached skill level 13 in Polearms
  6825 | D:6      | Noticed Pikel
  6837 | D:7      | Killed Edmund
  6837 | D:7      | Reached XP level 9. HP: 51/64 MP: 9/9
  7036 | D:7      | Killed Pikel
  7036 | D:7      | Reached skill level 14 in Polearms
  7128 | D:6      | Reached skill level 5 in Shields
  7234 | D:6      | Found a hide-covered altar of Uskayaw.
  7253 | D:6      | Found a staircase to the Ecumenical Temple.
  7266 | Temple   | Entered the Ecumenical Temple
  7356 | Temple   | Became a worshipper of Ru the Awakened
  7362 | Temple   | Gained mutation: Your cowardice makes you less effective in combat with threatening monsters. [Ru sacrifice]
  7362 | Temple   | Reached * piety under Ru
  8228 | D:5      | Got a vibrating graven amulet
  8279 | D:6      | Learned a level 2 spell: Song of Slaying
  8283 | D:6      | Learned a level 3 spell: Regeneration
  8287 | D:6      | Learned a level 3 spell: Spectral Weapon
  8348 | D:6      | Reached skill level 1 in Charms
  8755 | D:6      | Killed a cyan ugly thing
  8755 | D:6      | Reached XP level 10. HP: 70/70 MP: 9/14
  8759 | D:6      | Learned a level 2 spell: Shroud of Golubria
  8900 | D:6      | Identified the amulet of the Battered Ghosts {RegenMP +Blink rF+++ Int-3 SInv} (You took it off an orc on level 5 of the Dungeon)
  9131 | D:8      | Found a basalt altar of Yredelemnul.
  9138 | D:8      | Found a stormy altar of Qazlal.
  9375 | D:8      | Found a staircase to the Lair.
  9511 | D:8      | Reached skill level 5 in Charms
  9750 | D:8      | Reached skill level 1 in Necromancy
 10059 | Lair:1   | Entered Level 1 of the Lair of Beasts
 10129 | D:9      | Noticed a two-headed ogre
 10153 | D:8      | Killed a two-headed ogre
 10331 | D:9      | Gained mutation: You cannot train Armour skill. [Ru sacrifice]
 10331 | D:9      | Reached ** piety under Ru
 10355 | D:9      | Reached skill level 1 in Evocations
 10394 | D:9      | Found a blossoming altar of Fedhas.
 10813 | D:9      | Reached skill level 5 in Evocations
 11086 | D:10     | Entered Level 10 of the Dungeon
 11086 | D:10     | Noticed a gargoyle
 11121 | D:10     | Killed a gargoyle
 11121 | D:10     | Reached XP level 11. HP: 41/75 MP: 15/15
 11318 | D:10     | Noticed Sonja
 11392 | D:10     | Found Soarghia's Gadget Shoppe.
 11407 | D:10     | Noticed Fannar
 11833 | Lair:1   | Noticed Harold
 11845 | Lair:1   | Killed Harold
 12111 | Lair:1   | Reached skill level 10 in Dodging
 13387 | Lair:1   | Reached skill level 5 in Necromancy
 13448 | Lair:1   | Reached XP level 12. HP: 65/81 MP: 15/17
 13690 | Lair:2   | Reached skill level 5 in Spellcasting
 14385 | Lair:3   | Found a staircase to the Swamp.
 14658 | Lair:3   | Reached skill level 5 in Fighting
 14673 | Lair:3   | Found a hole to the Spider Nest.
 15256 | Lair:4   | Noticed a six-headed hydra
 15271 | Lair:4   | Killed a six-headed hydra
 15484 | Lair:4   | Learned a level 3 spell: Vampiric Draining
 15489 | Lair:4   | Learned a level 4 spell: Control Undead
 15693 | Lair:4   | Reached XP level 13. HP: 101/101 MP: 23/23
 16347 | Lair:5   | Reached skill level 10 in Fighting
 16433 | Lair:5   | Noticed Josephine
 16461 | Lair:4   | Killed Josephine
 16626 | Lair:5   | Gained mutation: You are sensitive to extremes of temperature. (rF-, rC-) [Ru sacrifice]
 16626 | Lair:5   | Reached *** piety under Ru
 16626 | Lair:5   | Reached **** piety under Ru
 16626 | Lair:5   | Reached ***** piety under Ru
 16717 | Lair:5   | Noticed Nessos
 16746 | Lair:5   | Killed Nessos
 17493 | Lair:5   | Reached skill level 5 in Stealth
 17687 | Lair:5   | Found a viscous altar of Jiyva.
 17687 | Lair:5   | Found a staircase to the Slime Pits.
 17842 | Lair:6   | Entered Level 6 of the Lair of Beasts
 18563 | Lair:6   | Reached XP level 14. HP: 55/113 MP: 12/24
 21225 | D:10     | Killed Fannar
 21641 | D:10     | Noticed Grum
 21663 | D:10     | Killed Grum
 21908 | D:11     | Noticed Erica
 21936 | D:11     | Killed Erica
 22007 | D:11     | Noticed Snorg
 22012 | D:11     | Found a staircase to the Orcish Mines.
 22018 | D:11     | Killed Snorg
 22027 | D:11     | Noticed Erolcha
 22044 | D:11     | Killed Erolcha
 22050 | D:11     | Reached skill level 15 in Dodging
 22932 | D:12     | Noticed Kirke
 22975 | D:12     | Gained mutation: You have a pair of small antennae on your head. [mutagenic meat]
 22976 | D:12     | Gained mutation: Your mind is acute. (Int +2) [mutagenic meat]
 22977 | D:12     | Gained mutation: You tend to lose your temper in combat. [mutagenic meat]
 22979 | D:12     | Gained mutation: Your muscles are strong. (Str +2) [mutagenic meat]
 23255 | D:12     | Killed Kirke
 23676 | D:13     | Gained mutation: You often lose your temper in combat. [mutagenic meat]
 23677 | D:13     | Gained mutation: Your movements are slightly less encumbered by armour. (ER -2) [mutagenic meat]
 23697 | D:13     | Learned a level 3 spell: Ozocubu's Armour
 23739 | D:13     | Found a labyrinth entrance.
 23751 | Lab      | Entered a labyrinth
 24071 | Lab      | Learned a level 4 spell: Summon Lightning Spire
 24073 | Lab      | Identified the Compendium of Inquiry
 24171 | D:13     | Gained mutation: Your body sometimes deteriorates upon taking damage. [mutagenic meat]
 24173 | D:13     | Lost mutation: Your body sometimes deteriorates upon taking damage. [mutagenic meat]
 24452 | D:13     | Gained mutation: You are somewhat unskilled. (-1 Apt) [Ru sacrifice]
 24452 | D:13     | Reduced skill Fighting to level 10
 24452 | D:13     | Reduced skill Polearms to level 13
 24452 | D:13     | Reduced skill Dodging to level 15
 24452 | D:13     | Reached ****** piety under Ru
 24456 | D:13     | Reached XP level 15. HP: 115/115 MP: 24/24
 24459 | D:13     | Reached skill level 14 in Polearms
 24663 | Temple   | Fell from the grace of Ru
 24663 | Temple   | Became a worshipper of Gozag Ym Sagoz the Greedy
 24953 | D:13     | Found Evuheaje's Antique Weapon Boutique.
 25773 | D:14     | Found a sacrificial altar of Ru.
 26279 | D:15     | Entered Level 15 of the Dungeon
 26332 | D:15     | Found a staircase to the Depths.
 26333 | D:15     | Noticed a fire giant
 27423 | Orc:1    | Entered Level 1 of the Orcish Mines
 27846 | Orc:1    | Found a roughly hewn altar of Beogh.
 28311 | Orc:2    | Entered Level 2 of the Orcish Mines
 28311 | Orc:2    | Found a staircase to the Elven Halls.
 28879 | Orc:2    | Found Othatuot's Jewellery Boutique.
 28904 | Orc:2    | Found Boir's Weapon Shop.
 28904 | Orc:2    | Found Qeuge's Assorted Antiques.
 28904 | Orc:2    | Found Kuidghal's Weapon Emporium.
 28911 | Orc:2    | Found Itutue's Weapon Boutique.
 29014 | Orc:2    | Bought a scroll labeled ASOUFUBI ROJOE for 25 gold pieces
 29014 | Orc:2    | Bought a scroll labeled ASOUFUBI ROJOE for 25 gold pieces
 29697 | Lair:1   | Bought a crude robe for 233 gold pieces
 29707 | Lair:1   | Identified the +1 robe of Apathy {rF- rCorr Int+8 Stlth+} (You bought it in a shop on level 1 of the Lair of Beasts)
 29720 | Lair:1   | Bought a scroll labeled ASOUFUBI ROJOE for 29 gold pieces
 29720 | Lair:1   | Bought a pair of dazzling boots for 275 gold pieces
 29720 | Lair:1   | Bought a runed glaive for 275 gold pieces
 29730 | Lair:1   | Identified the cursed -6 pair of boots of the Guardian {rElec rC++ Int-5} (You bought it in a shop on level 1 of the Lair of Beasts)
 29752 | Lair:1   | Bought a hardcover book for 435 gold pieces
 29755 | Lair:1   | Bought a colourful book for 435 gold pieces
 29755 | Lair:1   | Identified Sif Muna's Reference Book on Creative Battle Magic (You bought it in a shop on level 1 of the Lair of Beasts)
 29769 | Lair:1   | Bought a scroll of identify for 58 gold pieces
 29772 | Lair:1   | Lost mutation: You often lose your temper in combat. [potion of mutation]
 29772 | Lair:1   | Lost mutation: Your movements are slightly less encumbered by armour. (ER -2) [potion of mutation]
 29772 | Lair:1   | Lost mutation: You tend to lose your temper in combat. [potion of mutation]
 29772 | Lair:1   | Lost mutation: Your mind is acute. (Int +2) [potion of mutation]
 29772 | Lair:1   | Gained mutation: You are surrounded by a mild repulsion field. (EV +2) [potion of mutation]
 29772 | Lair:1   | Gained mutation: You are partially covered in large bone plates. (SH +4) [potion of mutation]
 29861 | Swamp:1  | Entered Level 1 of the Swamp
 30905 | Swamp:2  | Reached skill level 1 in Air Magic
 30922 | Swamp:2  | Reached skill level 1 in Summonings
 30927 | Swamp:2  | Reached XP level 16. HP: 128/128 MP: 23/25
 30997 | Swamp:2  | Learned a level 1 spell: Apportation
 31495 | Swamp:3  | Noticed a thorn hunter
 31500 | Swamp:3  | Got a jewelled trident
 31501 | Swamp:3  | Identified the +6 trident "Kijetwa" {protect, rPois} (You found it on level 3 of the Swamp)
 31527 | Swamp:3  | Killed a thorn hunter
 31972 | Swamp:3  | Noticed Mara
 32679 | Swamp:4  | Entered Level 4 of the Swamp
 32700 | Swamp:4  | Noticed Donald
 33242 | Spider:1 | Entered Level 1 of the Spider Nest
 33701 | Spider:1 | Identified 2 scrolls of acquirement
 33703 | Spider:1 | Got bronze shadow dragon scales
 33714 | Spider:1 | Identified the +0 shadow dragon scales "Homar" {rPois SInv Stlth++++} (You acquired it on level 1 of the Spider Nest)
 34108 | Spider:1 | Reached skill level 15 in Polearms
 34751 | Spider:2 | Reached skill level 16 in Polearms
 34815 | Spider:2 | Reached XP level 17. HP: 134/134 MP: 29/29
 34830 | Spider:2 | Got a pair of dazzling boots
 34841 | Spider:2 | Identified the +2 pair of boots of Objectivity {*Contam rN++ rCorr Dex+4} (You acquired it on level 2 of the Spider Nest)
 35234 | Spider:2 | Reached skill level 17 in Polearms
 36100 | Spider:3 | Reached skill level 18 in Polearms
 36289 | Spider:3 | Noticed Arachne
 36305 | Spider:3 | Killed Arachne
 36825 | Spider:3 | Reached skill level 19 in Polearms
 36947 | Spider:4 | Entered Level 4 of the Spider Nest
 37792 | Spider:4 | Reached skill level 20 in Polearms
 38011 | Spider:4 | Reached skill level 1 in Translocations
 38323 | Spider:4 | Reached XP level 18. HP: 115/141 MP: 28/30
 38679 | Spider:4 | Got a gossamer rune of Zot
 38719 | Spider:4 | Reached skill level 5 in Translocations
 39208 | Lair:1   | Bought a runed leather armour for 205 gold pieces
 39570 | D:11     | Bought a pair of embroidered gloves for 142 gold pieces
 39570 | D:11     | Bought a pitted leather armour for 133 gold pieces
 39591 | D:11     | Identified the +4 leather armour "Donavvotz" {+Blink rF+ rC+} (You bought it in a shop on level 11 of the Dungeon)
 39642 | Elf:1    | Entered Level 1 of the Elven Halls
 39663 | Elf:1    | Found a radiant altar of Vehumet.
 40065 | Elf:1    | Found Nitixom's Food Shoppe.
 40118 | Elf:1    | Found an ancient bone altar of Kikubaaqudgha.
 40131 | Elf:1    | Noticed Aizul
 40144 | Elf:1    | Killed Aizul
 40539 | Elf:1    | Reached skill level 10 in Spellcasting
 40771 | Elf:2    | Found a runed gate.
 40771 | Elf:2    | Found a runed gate.
 40771 | Elf:2    | Found a runed gate.
 40845 | Elf:2    | Noticed Nikola
 40865 | Elf:2    | Killed Nikola
 41252 | Elf:2    | Cast into level 3 of the Abyss (a deep elf sorcerer)
 41319 | Elf:2    | Escaped the Abyss
 41840 | Elf:2    | Reached XP level 19. HP: 124/147 MP: 34/34
 41921 | Elf:2    | Fell from the grace of Gozag
 42603 | Temple   | Became a worshipper of Gozag Ym Sagoz the Greedy
 43160 | D:13     | Found a gate to the Vaults.
 43210 | Vaults:1 | Entered Level 1 of the Vaults
 43531 | Vaults:1 | Reached skill level 21 in Polearms
 44068 | Vaults:1 | Found Rown's Food Boutique.
 44869 | Vaults:1 | Reached skill level 22 in Polearms
 45293 | Lair:1   | Learned a level 2 spell: Swiftness
 45296 | Lair:1   | Learned a level 2 spell: Corpse Rot
 45302 | Lair:1   | Learned a level 5 spell: Irradiate
 45309 | Lair:1   | Learned a level 6 spell: Deflect Missiles
 46044 | Vaults:2 | Found Giunytax's Distillery.
 46052 | Vaults:2 | Bought a potion of cancellation for 112 gold pieces
 46052 | Vaults:2 | Bought a potion of heal wounds for 70 gold pieces
 46134 | Vaults:2 | Noticed a tentacled monstrosity
 46140 | Vaults:2 | Killed a tentacled monstrosity
 46208 | Vaults:2 | Reached skill level 5 in Air Magic
 46360 | Vaults:2 | Killed from afar by an ice dragon

Skill      XL: |  1  2  3  4  5  6  7  8  9 10 11 12 13 14 15 16 17 18 19 |
---------------+----------------------------------------------------------+-----
Polearms       | 5 6 7 9 13 14 13 14 16 20 22 | 22.8
Dodging        | 5 6 7 12 15 17 | 17.0
Shields        | 1 3 4 7 6 |  6.7
Charms         | 1 5 7 6 |  6.3
Spellcasting   | 3 7 6 8 11 12 | 12.3
Necromancy     | 2 5 4 |  4.6
Evocations     | 5 7 |  7.3
Fighting       | 9 11 10 12 | 12.3
Stealth        | 6 |  6.0
Hexes          | 4 |  4.1
Air Magic      | 1 4 5 |  5.0
Summonings     | 1 4 |  4.9
Translocations | 2 5 |  5.3

Action                   |  1- 3 |  4- 6 |  7- 9 | 10-12 | 13-15 | 16-18 | 19-21 || total
-------------------------+-------+-------+-------+-------+-------+-------+-------++-------
Melee: Spear             |   131 |   357 |    68 |       |       |       |       ||   556
       Tailslap          |       |     1 |     3 |       |    27 |    63 |     4 ||    98
       Trident           |       |       |   248 |   827 |  1551 |  1640 |   530 ||  4796
       Bardiche          |       |       |       |       |       |       |   121 ||   121
Throw: Stone             |     2 |       |    14 |    33 |    41 |       |       ||    90
       Throwing net      |     2 |       |       |       |       |       |       ||     2
       Tomahawk          |       |       |       |       |     1 |    11 |     3 ||    15
 Cast: Regeneration      |       |       |       |    19 |    75 |   142 |    30 ||   266
       Spectral Weapon   |       |       |       |    14 |   111 |   122 |    19 ||   266
       Shroud of Golubri |       |       |       |     2 |    38 |    45 |     6 ||    91
       Apportation       |       |       |       |       |       |     1 |       ||     1
Invok: Sacrifice Courage |       |       |     1 |       |       |       |       ||     1
       Sacrifice Durabil |       |       |       |     1 |       |       |       ||     1
       Reject Sacrifices |       |       |       |     1 |     1 |       |       ||     2
       Apocalypse        |       |       |       |       |     3 |       |       ||     3
       Draw Out Power    |       |       |       |       |     1 |       |       ||     1
       Sacrifice Resista |       |       |       |       |     1 |       |       ||     1
       Sacrifice Skill   |       |       |       |       |     1 |       |       ||     1
       Call Merchant     |       |       |       |       |     2 |     2 |       ||     4
       Potion Petition   |       |       |       |       |       |     1 |       ||     1
       Renounce Religion |       |       |       |       |       |       |     1 ||     1
 Abil: Evoke Blink       |       |       |       |       |     2 |    15 |     5 ||    22
Evoke: Wand              |       |       |     9 |     1 |     5 |     9 |     3 ||    27
       Phial of floods   |       |       |       |       |     2 |     2 |     2 ||     6
       Lamp of fire      |       |       |       |       |     1 |     2 |       ||     3
       Lightning rod     |       |       |       |       |       |     4 |       ||     4
       Phantom mirror    |       |       |       |       |       |     1 |       ||     1
  Use: Scroll            |       |     8 |       |     4 |    17 |    22 |    12 ||    63
       Potion            |       |     2 |       |     2 |     2 |     1 |       ||     7
 Stab: Sleeping          |     7 |     6 |    11 |    22 |    27 |    31 |     8 ||   112
       Distracted        |     1 |     1 |     2 |     9 |    36 |    39 |    11 ||    99
       Held in net/web   |     1 |       |       |       |       |       |       ||     1
       Paralysed         |       |       |     5 |       |     9 |       |       ||    14
       Invisible         |       |       |       |     4 |     8 |       |       ||    12
       Petrified         |       |       |       |       |    24 |       |       ||    24
       Petrifying        |       |       |       |       |     1 |       |       ||     1
  Eat: Chunk             |     2 |    10 |    10 |    14 |    31 |       |       ||    67
       Meat ration       |       |     2 |       |     2 |     4 |     4 |     1 ||    13
       Royal jelly       |       |       |     1 |     1 |     5 |     6 |       ||    13
       Bread ration      |       |       |       |       |     3 |     6 |     2 ||    11
       Fruit             |       |       |       |       |     1 |       |       ||     1
Armor: Robe              |    13 |    22 |     4 |       |    22 |    72 |       ||   133
       Skin              |       |    26 |       |       |       |       |       ||    26
       Leather armour    |       |       |     3 |    26 |    15 |    26 |    48 ||   118
Dodge: Dodged            |    42 |   143 |   104 |   274 |   634 |   874 |   336 ||  2407
Block: Buckler           |       |       |    64 |   113 |   286 |   525 |     7 ||   995
       Other             |       |       |       |       |       |       |    37 ||    37
